 Dungeon Crawl Stone Soup version 0.29-a0-243-g602b31c20e (webtiles) character file.

Game seed: 17512557364658736554

611 siradein the Caller (level 7, -1/50 HPs)
             Began as a Black Draconian Summoner on Mar 4, 2022.
             Killed by divine providence
             ... invoked by an orc priest
              (9 damage)
             ... on level 4 of the Dungeon.
             The game lasted 00:10:00 (5890 turns).

siradein the Caller (Black Draconian Summoner)      Turns: 5890, Time: 00:10:01

Health: -1/50      AC:  7    Str: 11    XL:     7   Next: 20%
Magic:  13/15      EV: 12    Int: 17    God:
Gold:   389        SH:  0    Dex: 11    Spells: 6/16 levels left

rFire   . . .      SeeInvis .   m - +0 flail
rCold   . . .      Faith    .   (no shield)
rNeg    . . .      Spirit   .   (body armour unavailable)
rPois   .          Reflect  .   (helmet restricted)
rElec   +          Harm     .   j - +0 cloak
rCorr   .          Rampage  .   (no gloves)
Will    .....                   (no boots)
Stlth   ++........              d - amulet of regeneration
HPRegen 0.96/turn               (no ring)
MPRegen 0.14/turn               (no ring)

@: no status effects
A: breathe lightning, AC +6, unfitting armour, electricity resistance,
cold-blooded
a: Breathe Lightning


You were on level 4 of the Dungeon.
You visited 1 branch of the dungeon, and saw 5 of its levels.

You collected 389 gold pieces.

Inventory:

Hand Weapons
 m - a +0 flail (weapon)
Armour
 j - a +0 cloak (worn)
Magical Staves
 h - a staff of air
 k - a staff of earth
Jewellery
 d - an amulet of regeneration (around neck)
Scrolls
 a - a scroll of teleportation {unknown}
 e - a scroll of magic mapping {unknown}
 o - a scroll of immolation {unknown}
 p - a scroll of enchant weapon {unknown}
 q - 3 scrolls of blinking {unknown}
 r - a scroll of vulnerability {unknown}
 s - a scroll of amnesia {unknown}
Potions
 b - 2 potions of brilliance
 c - 2 potions of flight
 f - 3 potions of curing
 g - a potion of cancellation {unknown}
 i - a potion of mutation {unknown}
 l - a potion of degeneration {unknown}
 n - 4 potions of invisibility


   Skills:
 - Level 1.7 Dodging
 - Level 1.7 Stealth
 + Level 5.3 Spellcasting
 + Level 6.8 Summonings
 + Level 0.4 Air Magic


You had 6 spell levels left.
You knew the following spells:

 Your Spells              Type           Power      Damage    Failure   Level
a - Summon Small Mammal   Summ           100%       N/A       1%          1
b - Call Imp              Summ           27%        N/A       1%          2
c - Call Canine Familiar  Summ           27%        N/A       2%          3
d - Summon Lightning Spi  Summ/Air       16%        N/A       30%         4

Your spell library contained the following spells:

 Spells                   Type           Power      Damage    Failure   Level
 Summon Guardian Golem    Hex/Summ       16%        N/A       10%         3
 Animate Skeleton         Necr           8%         N/A       14%         1
 Pain                     Necr           16%        1d4       14%         1
 Tukima's Dance           Hex            4%         N/A       38%         3
 Vampiric Draining        Necr           4%         2d6       38%         3
 Passage of Golubria      Tloc           4%         N/A       80%         4
 Yara's Violent Unravell  Hex/Tmut       2%         3d3       98%         5


Dungeon Overview and Level Annotations

Branches:
Dungeon (5/15)
 Temple: D:4-7

Altars:
Hepliaklqana

Shops:
D:2 (

Annotations:
D:3 1 runed translucent door, Hubris850's ghost, amateur MfTm
D:4 3 runed translucent doors, DarkMagik's ghost, novice DDBe; drugrobin's ghost, amateur DgFi; sdfasdf239h's ghost, amateur DsMo


Innate Abilities, Weirdness & Mutations

You can breathe wild blasts of lightning.
Your glossy black scales are hard. (AC +6)
You cannot fit into any form of body armour.
You are resistant to electric shocks. (rElec)
You are cold-blooded and may be slowed by cold attacks.


Message History

The orc priest looks satisfied for a moment.
Unknown command.
You barely miss the orc priest.
Your tail-slap misses the orc priest.
Your crimson imp hits the orc priest but does no damage.
The orc priest hits you but does no damage.
Your crimson imp hits the orc priest but does no damage.
Unknown command.
You hit the orc priest.
The orc priest is moderately wounded.
The orc priest hits you with a +0 dagger.
* * * LOW HITPOINT WARNING * * *
Your crimson imp hits the orc priest but does no damage.
The orc priest mumbles some strange prayers to Beogh against you.
Beogh smites you!
* * * LOW HITPOINT WARNING * * *
You closely miss the orc priest.
The orc priest is moderately wounded.
Your crimson imp hits the orc priest but does no damage.
The orc priest hits you but does no damage.
Your crimson imp hits the orc priest but does no damage.
Unknown command.
You hit the orc priest.
The orc priest is heavily wounded.
The orc priest barely misses you.
Your crimson imp blinks!
Unknown command.
You hit the orc priest.
You tail-slap the orc priest, but do no damage.
The orc priest is heavily wounded.
The orc priest barely misses you.
The orc priest hits you but does no damage.
You completely miss the orc priest.
The orc priest is heavily wounded.
The orc priest hits you but does no damage.
Unknown command.
You closely miss the orc priest.
Your tail-slap misses the orc priest.
The orc priest is heavily wounded.
The orc priest calls down the wrath of Beogh upon you.
Beogh smites you!
You die...

##.# #..#.##...##...##...
##..# #.##..............#.
#..## #.######.#.....####.
#.## #.# #.##....##### #.#
#.# ##.........##. ##.#
#.#####..##.......).
#..######.##..5.##.......##.
#.......)...o.......####.###
#########..@#..###### #.# #
##..##..## #.### ##...#..##
#...# #...##.## ###.#
####.#....# #..
###......#### ### #........#
## ########.# ####. #[#
#....


You could see an orc priest (ally target) and a friendly crimson imp (summoned).

Vanquished Creatures
  A centaur (D:4)
  A hound (D:4)
  An orc wizard (D:4)
  Natasha (D:2)
  Robin (D:2)
  An adder (D:3)
  2 worms
  A dart slug (D:2)
  4 orcs
  4 bats
  5 endoplasms
  A giant cockroach (D:1)
  10 goblins
  3 hobgoblins
  A jackal (D:4)
  A quokka (D:1)
  6 ball pythons
  2 frilled lizards
  3 kobolds
  3 rats
52 creatures vanquished.

Vanquished Creatures (collateral kills)
  A water moccasin (D:4)
  An ogre (D:4)
  An orc priest (D:3)
  An iguana (D:4)
  Natasha (D:2)
  An orc wizard (D:5)
  2 adders
  A worm (D:3)
  A dart slug (D:1)
  5 orcs
  3 ball pythons
  A bat (D:2)
  3 endoplasms
  A giant cockroach (D:1)
  12 goblins
  4 hobgoblins
  A jackal (D:3)
  3 quokkas
  3 kobolds (D:4)
46 creatures vanquished.

Vanquished Creatures (others)
  Natasha (D:2)
  A fungus (D:3)
  4 toadstools (D:3)
6 creatures vanquished.

Grand Total: 104 creatures vanquished

Notes
Turn   | Place    | Note
-------+----------+-------------------------------------------
     0 | D:1      | siradein the Draconian Summoner began the quest for the
                  | Orb.
     0 | D:1      | Reached XP level 1. HP: 14/14 MP: 3/3
   271 | D:1      | Reached XP level 2. HP: 14/20 MP: 3/5
   274 | D:1      | Learned a level 2 spell: Call Imp
  1051 | D:1      | Found a faded altar of an unknown god.
  1749 | D:2      | Reached XP level 3. HP: 24/26 MP: 7/7
  1749 | D:2      | Noticed Robin
  2174 | D:2      | Killed Robin
  2410 | D:2      | Reached XP level 4. HP: 29/33 MP: 5/8
  2455 | D:2      | Learned a level 3 spell: Call Canine Familiar
  2548 | D:2      | Noticed Natasha
  2557 | D:2      | Killed Natasha
  2558 | D:2      | Reached skill level 5 in Summonings
  2700 | D:2      | Found Cuituovo's Weapon Shoppe.
  2787 | D:2      | Noticed Natasha
  2821 | D:2      | Killed Natasha
  2851 | D:2      | Noticed Natasha
  3236 | D:2      | Killed Natasha
  3237 | D:2      | Reached XP level 5. HP: 8/38 MP: 10/10
  4207 | D:3      | Found a runed translucent door.
  4209 | D:3      | Noticed Hubris850's ghost (amateur MfTm)
  4660 | D:3      | Found a hazy altar of Hepliaklqana.
  4842 | D:4      | Noticed a water moccasin
  4842 | D:4      | Noticed a centaur
  4843 | D:4      | Noticed an ogre
  4875 | D:4      | Killed a centaur
  4876 | D:4      | Reached XP level 6. HP: 14/45 MP: 8/12
  5165 | D:4      | Reached skill level 6 in Summonings
  5264 | D:3      | HP: 2/45 [orc priest/nerve-wracking pain (14)]
  5397 | D:4      | Found a runed translucent gate.
  5397 | D:4      | Found a runed translucent gate.
  5399 | D:4      | Found a runed translucent gate.
  5408 | D:4      | Noticed sdfasdf239h's ghost (amateur DsMo)
  5408 | D:4      | Noticed DarkMagik's ghost (novice DDBe)
  5408 | D:4      | Noticed drugrobin's ghost (amateur DgFi)
  5468 | D:4      | Reached skill level 5 in Spellcasting
  5491 | D:4      | Killed a water moccasin
  5492 | D:4      | Your scales start taking on a glossy black colour.
  5492 | D:4      | Reached XP level 7. HP: 47/50 MP: 14/14
  5492 | D:4      | Gained mutation: You are resistant to electric shocks.
                  | (rElec) [Black Draconian growth]
  5617 | D:4      | Learned a level 4 spell: Summon Lightning Spire
  5867 | D:5      | Entered Level 5 of the Dungeon
  5885 | D:4      | HP: 2/50 [orc priest/divine providence (12)]
  5890 | D:4      | Killed from afar by an orc priest

Illustrated notes

Levels and vault maps discovered:
D:1:      dpeg_arrival_yet_another_circle, layout_loops_cross,
          dreamdust_ecumenical_altar_grove
D:2:      layout_loops_cross, serial_shops, nicolae_shop_stone,
          chequers_serial_rivers_micro_b, chequers_serial_rivers_room_b,
          minmay_misc_feat_iff, uniq_robin, uniq_natasha
D:3:      minmay_chambers_of_twos, layout_rooms,
          worldfamousw_hep_ancestral_shrine, ebering_ghost_reflecting_pool,
          grunt_decor_arrowhead, minmay_gold_behind_fungi
D:4:      layout_rooms, gammafunk_ghost_cemetery, hex_tiny,
          minmay_fractal_squares_diagonal_5
D:5:      layout_basic, marbit_many_paths

Skill      XL: |  1  2  3  4  5  6 |
---------------+-------------------+-----
Spellcasting   | 3 4 5 |  5.3
Summonings     | 5 6 |  6.8
Dodging        | |  1.7
Stealth        | |  1.7
Air Magic      | |  0.4

Action                   |  1- 3 |  4- 6 |  7- 9 || total
-------------------------+-------+-------+-------++-------
Melee: Unarmed           |    93 |       |       ||    93
       Tailslap          |    15 |    16 |     5 ||    36
       Dagger            |    28 |    46 |       ||    74
       Punch             |       |     4 |       ||     4
       Flail             |       |   118 |    24 ||   142
 Cast: Summon Small Mamm |     6 |     1 |       ||     7
       Call Imp          |    17 |    34 |     4 ||    55
  Use: Scroll            |       |     4 |       ||     4
 Stab: Sleeping          |     3 |       |       ||     3
       Distracted        |     1 |     1 |       ||     2
Armor: Skin              |    41 |    82 |    16 ||   139
Dodge: Dodged            |    69 |   152 |    18 ||   239

Table legend: (Time is in decaauts)
 A = Elapsed time spent in this place.
 B = Non-inter-level travel time spent in this place.
 C = Inter-level travel time spent in this place.
 D = Time resting spent in this place.
 E = Time spent auto-exploring this place.
 F = Levels seen in this place.
 G = Mean time per level.
                   A        B        C        D        E       F      G
               +--------+--------+--------+--------+--------+-----+--------+
         Total |   5971 |   5829 |    142 |    761 |   3925 |   5 | 1194.2 |
       Dungeon |   5971 |   5829 |    142 |    761 |   3925 |   5 | 1194.2 |
               +--------+--------+--------+--------+--------+-----+--------+

Top non-repeatable levels by time:
     D:1: 2040 daAuts
     D:2: 1785 daAuts
     D:3: 1268 daAuts
     D:4: 863 daAuts
     D:5: 13 daAuts
